 Dungeon Crawl Stone Soup version 0.29-a0-82-g837932c90e (webtiles) character file.

Game seed: 281990718311138028

18 HallandMoats the Skirmisher (level 2, 24/24 HPs)
             Began as a Demonspawn Fighter on Feb 5, 2022.
             Was an Initiate of Yredelemnul.
             Got out of the dungeon alive.
             The game lasted 00:01:00 (1507 turns).

HallandMoats the Skirmisher (Demonspawn Fighter)    Turns: 1507, Time: 00:01:01

Health: 24/24      AC:  7    Str: 16    XL:     2   Next: 48%
Magic:  2/2        EV:  9    Int:  9    God:    Yredelemnul [......]
Gold:   46         SH:  4    Dex: 12    Spells: 1/1 levels left

rFire   . . .      SeeInvis .   a - +0 war axe
rCold   . . .      Faith    .   c - +0 buckler
rNeg    . . .      Spirit   .   b - +0 scale mail
rPois   .          Reflect  .   (no helmet)
rElec   .          Harm     .   e - +0 cloak
rCorr   .          Rampage  .   (no gloves)
Will    .....                   (no boots)
Stlth   ..........              (no amulet)
HPRegen 0.08/turn               (no ring)
MPRegen 0.08/turn               (no ring)

@: no status effects
A: demonic guardian 1
a: Renounce Religion, Recall Undead Harvest


You escaped.
You worshipped Yredelemnul.
Yredelemnul was noncommittal.
You visited 1 branch of the dungeon, and saw 1 of its levels.

You collected 46 gold pieces.

Inventory:

Hand Weapons
 a - a +0 war axe (weapon)
Armour
 b - a +0 scale mail (worn)
 c - a +0 buckler (worn)
 e - a +0 cloak (worn)
Scrolls
 f - a scroll of amnesia {unknown}
 g - 4 scrolls of identify {unknown}
 h - a scroll of teleportation {unknown}
Potions
 d - 2 potions of might


   Skills:
 * Level 3.2 Fighting
 * Level 2.1 Axes
 + Level 2.8 Armour
 + Level 0.3 Dodging
 + Level 2.7 Shields
 * Level 1.2 Invocations


You had one spell level left.
You didn't know any spells.
Your spell library contained the following spells:

 Spells                   Type           Power      Damage    Failure   Level
 Pain                     Necr           0%         1d4       88%         1
 Agony                    Necr           0%         N/A       100%        5
 Alistair's Intoxication  Tmut/Pois      0%         N/A       100%        5
 Borgnjor's Vile Clutch   Necr/Erth      0%         N/A       100%        5
 Excruciating Wounds      Necr           0%         N/A       100%        5
 Eringya's Noxious Bog    Tmut/Pois      0%         N/A       100%        6


Dungeon Overview and Level Annotations

Branches:
Dungeon (1/15)

Altars:
Yredelemnul


Innate Abilities, Weirdness & Mutations

A weak demonic guardian rushes to your aid.


Message History

Things that are here:
a quokka corpse; a jackal corpse; a jackal corpse
Found 19 stones.
You see here 19 stones.
You pick up Great Wizards, Vol.
II and begin reading...
You add the spells Alistair's Intoxication, Borgnjor's Vile Clutch and Eringya's Noxious Bog to your library.
Found a faded altar of an unknown god.
h - a scroll labelled XAL OCAHIRI You see here a +0 club.
Found a stone staircase leading down.
Search for what [? for help]? altar You see here a +0 club.
There is an open door here.
You open the door.
There is an open door here.
There is a shaft here.
There is a faded altar of an unknown god here.
You cannot tell which god this altar belongs to.
Convert to them anyway?
Yredelemnul accepts your prayer! Yredelemnul welcomes you!
You can now reap souls.
You can now recall your undead harvest.
(D) Dungeon
Where to? (Enter - D:1 @ (x,y), ? - help)
Okay, then.
Unknown command.
Press < or > to pray at altars.
(D) Dungeon
Where to? (Enter - D:1 @ (x,y), ? - help)
What level of the Dungeon? (default 1, ? - help)
You swap places.
There is a shaft here.
You swap places.
There is an open door here.
There is an open door here.
You see here a +0 club.
There is an open door here.
There is an open door here.
There is a staircase leading out of the dungeon here.
Are you sure you want to leave the Dungeon?
This will make you lose the game!
You have escaped!

.#.....##.# #.##
.########.#####
..###.###..######## #######
...##........##...###.....#
....##...................##
###...........#####.......#
..####.....####...####....#
.....###'###.........###..#
⌠......'.'....ZZ@......#..#
.....###'###.........###..#
..####.(...####...####....#
###.....###...#####....####
.....#....##........####
.###############....# ##
######


You could see a friendly adder zombie and a friendly quokka zombie.

Vanquished Creatures
  An endoplasm (D:1)
  A hobgoblin (D:1)
  4 jackals (D:1)
  A kobold (D:1)
  3 quokkas (D:1)
  A ball python (D:1)
  A bat (D:1)
  A frilled lizard (D:1)
  3 rats (D:1)
16 creatures vanquished.

Notes
Turn   | Place    | Note
-------+----------+-------------------------------------------
     0 | D:1      | HallandMoats the Demonspawn Fighter began the quest for the
                  | Orb.
     0 | D:1      | Reached XP level 1. HP: 18/18 MP: 1/1
   911 | D:1      | Gained mutation: A weak demonic guardian rushes to your
                  | aid. [demonic ancestry]
   911 | D:1      | Reached XP level 2. HP: 24/24 MP: 2/2
   930 | D:1      | Reached skill level 1 in Invocations
  1311 | D:1      | Found a faded altar of an unknown god.
  1417 | D:1      | Prayed at the altar of an unknown god.
  1417 | D:1      | Became a worshipper of Yredelemnul the Dark
  1507 | D:$      | Got out of the dungeon alive.

Illustrated notes

Levels and vault maps discovered:
D:1:      elethiomel_arrival_infinity_welcomes_careful_drivers,
          layout_loops_corners, hellmonk_ecumenical_altar_leap_of_faith,
          minmay_fountain_box

Skill      XL: |  1  2 |
---------------+-------+-----
Axes           | 2 |  2.1
Invocations    | 1 |  1.2
Fighting       | |  3.2
Armour         | |  2.8
Dodging        | |  0.3
Shields        | |  2.7

Action                   || total
-------------------------++-------
Melee: War axe           ||    59
Armor: Scale mail        ||    30
Dodge: Dodged            ||    26
Block: Buckler           ||    14

Table legend: (Time is in decaauts)
 A = Elapsed time spent in this place.
 B = Non-inter-level travel time spent in this place.
 C = Inter-level travel time spent in this place.
 D = Time resting spent in this place.
 E = Time spent auto-exploring this place.
 F = Levels seen in this place.
 G = Mean time per level.
                   A        B        C        D        E       F      G
               +--------+--------+--------+--------+--------+-----+--------+
         Total |   1535 |   1390 |    145 |    226 |   1013 |   1 | 1535.0 |
       Dungeon |   1535 |   1390 |    145 |    226 |   1013 |   1 | 1535.0 |
               +--------+--------+--------+--------+--------+-----+--------+

Top non-repeatable levels by time:
     D:1: 1535 daAuts
